[Event "EYTCC Open U18 2018"]
[Site "Bad Blankeburg"]
[Date "2018.07.18"]
[Round "7"]
[White "Dobrovoljc, Vid"]
[Black "Gavrilescu, David"]
[Result "0-1"]
[ECO "C11"]
[WhiteElo "2344"]
[BlackElo "2451"]
[Annotator "RC"]
[PlyCount "76"]
[EventDate "2018.07.12"]
[EventType "swiss"]
[EventCountry "GER"]
[SourceTitle "playchess.com"]
[Source "ChessBase"]
[SourceQuality "1"]
[WhiteTeam "Slovenia"]
[BlackTeam "Romania"]
[WhiteTeamCountry "SLO"]
[BlackTeamCountry "ROU"]
[TimeControl "40/5400+30:1800+30"]

1. e4 e6 2. d4 d5 3. Nc3 Nf6 4. e5 Nfd7 5. f4 c5 6. Nf3 Nc6 7. Be3 Qb6 8. Na4 Qa5+ 9. c3 b6 10. Bd2 c4 11. b4 Nxb4 12. cxb4 Bxb4 13. Rc1 Bxd2+ 14. Nxd2 b5 15. Nc3 b4 16. Qa4 Qb6 17. Nb5 O-O 18. Nf3 Nb8 19. Nd6 Bd7 20. Qc2 Nc6 21. Rd1 a5 22. Be2 b3 23. Qc3 bxa2 24. Ra1 Rfb8 25. Kf2 Qb2 26. Rhc1 a4 27. Qc2 a3 28. Rxa2 Qxc2 29. Raxc2 Nb4 30. Rd2 a2 31. Ra1 c3 32. Rdd1 Nc2 33. Bd3 Nxa1 34. Rxa1 Rb2+ 35. Ke3 c2 36. Ne1 c1=Q+ 37. Rxc1 a1=Q 38. Rxa1 Rxa1 0-1

[Event "EYTCC Open U18 2018"]
[Site "Bad Blankeburg"]
[Date "2018.07.18"]
[Round "7"]
[White "Banzea, Alexandru-Bogdan"]
[Black "Subelj, Jan"]
[Result "0-1"]
[ECO "C60"]
[WhiteElo "2337"]
[BlackElo "2327"]
[Annotator "ChessBase"]
[PlyCount "88"]
[EventDate "2018.07.12"]
[EventType "swiss"]
[EventCountry "GER"]
[SourceTitle "playchess.com"]
[Source "ChessBase"]
[SourceQuality "1"]
[WhiteTeam "Romania"]
[BlackTeam "Slovenia"]
[WhiteTeamCountry "ROU"]
[BlackTeamCountry "SLO"]
[TimeControl "40/5400+30:1800+30"]

1. e4 e5 2. Nf3 Nc6 3. Bb5 g6 4. O-O Bg7 5. c3 a6 6. Ba4 d6 7. d4 Bd7 8. dxe5 Nxe5 9. Nxe5 dxe5 10. Bb3 Nf6 11. Be3 Nxe4 12. Bxf7+ Kxf7 13. Qd5+ Be6 14. Qxe4 Bd5 15. Qg4 Qc8 16. Qh4 Bf6 17. Qg3 h5 18. f4 h4 19. Qf2 Rh5 20. fxe5 Rf5 21. Qe2 Bxe5 22. Nd2 Qe6 23. Nf3 Bf4 24. Ng5+ Bxg5 25. Rxf5+ gxf5 26. Qh5+ Qg6 27. Qxg5 Rg8 28. Rd1 Qxg5 29. Bxg5 Ke6 30. c4 Be4 31. Bxh4 Rxg2+ 32. Kf1 Rxb2 33. Bg3 Rxa2 34. Bxc7 Rc2 35. Rd6+ Ke7 36. Rd4 Rxc4 37. Rxc4 Bd3+ 38. Kf2 Bxc4 39. h4 Kd7 40. Ba5 Bf7 41. Ke3 Kc6 42. Kf4 Kb5 43. Bc3 Kc4 44. Be5 b5 0-1

[Event "EYTCC Open U18 2018"]
[Site "Bad Blankeburg"]
[Date "2018.07.18"]
[Round "7"]
[White "Szustakowski, Antoni"]
[Black "Papunidi, Matvey"]
[Result "0-1"]
[ECO "D10"]
[WhiteElo "2330"]
[BlackElo "1913"]
[Annotator "NA"]
[PlyCount "146"]
[EventDate "2018.07.12"]
[EventType "swiss"]
[EventCountry "GER"]
[SourceTitle "playchess.com"]
[Source "ChessBase"]
[SourceQuality "1"]
[WhiteTeam "Poland"]
[BlackTeam "Belarus"]
[WhiteTeamCountry "POL"]
[BlackTeamCountry "BLR"]
[TimeControl "40/5400+30:1800+30"]

1. d4 d5 2. c4 c6 3. Nc3 dxc4 4. e3 b5 5. a4 b4 6. Ne4 {[%emt 0:00:10] D10: Slav Defence: 3 cxd5 (without early Nf3) and 3 Nc3} Qd5 7. Ng3 (7. Nd2 c3 8. bxc3 bxc3 9. Nb1 Qa5 10. Qc2 Na6 11. Qxc3 Qxc3+ 12. Nxc3 Nb4 13. Rb1 a5 {1-0 (79) Wojtaszek,R (2750)-Bartel,M (2604) Warsaw 2018}) 7... Nf6 8. Be2 e6 9. e4 Nxe4 10. Bf3 f5 11. Qe2 b3 (11... Qxd4 12. Nxe4 fxe4 13. Bxe4 $11) (11... Ba6 $11) 12. Nxe4 fxe4 13. Bxe4 {[%emt 0:00:06] [#]} Bb4+ $146 ({Predecessor:} 13... Qa5+) 14. Kf1 Qxd4 15. Nf3 Qd6 16. g3 c3 17. Kg2 Ba6 18. Qe3 O-O 19. bxc3 Bc5 20. Qg5 Nd7 21. Bf4 e5 22. Rad1 Qe6 23. Rhe1 h6 24. Qh5 Nf6 ({Not} 24... exf4 $2 {[#]} 25. Bh7+ $1 Kxh7 26. Rxe6 $18) 25. Qg6 (25. Bf5 $1 $11 Qe8 26. Qh3) 25... exf4 26. Bf5 $1 Qe8 ({Much worse is} 26... Qf7 $6 27. Be6 $16) (26... Qxe1 $5 27. Rxe1 Bc4 $11) 27. Rxe8 Raxe8 28. Bd3 Rd8 29. c4 Kh8 30. Nh4 Bc8 31. Nf5 Bxf5 32. Qxf5 Bd4 33. g4 f3+ 34. Kg1 Rde8 35. h4 Re5 $1 ({Don't go for} 35... Ne4 $2 36. Qg6 $18) 36. Qf4 c5 37. g5 hxg5 38. hxg5 Nh7 39. Qh4 Rxg5+ 40. Kf1 g6 41. Qe4 (41. Bb1 $142 Rh5 42. Rxd4 cxd4 43. Qxd4+ Kg8 44. Ke1 Rh1+ 45. Kd2 Rxb1 46. Kc3) 41... Rh5 42. Kg1 Rg5+ 43. Kf1 b2 44. Bb1 Kg7 $2 (44... Rh5 45. Kg1 Ng5) 45. Rd3 Re5 46. Qc6 $2 Rf6 47. Qb7+ Rf7 48. Qc6 Rfe7 49. Re3 Bxe3 50. Qxg6+ Kf8 51. fxe3 Rxe3 52. Qh6+ Kg8 53. Bxh7+ Rxh7 54. Qg5+ Rg7 55. Qd8+ Kf7 56. Qd5+ Re6 57. Qb7+ Kg6 58. Qxb2 Rge7 59. Qb8 Kf5 60. Qf8+ Kg4 61. Qg8+ Kf4 62. Qf8+ Ke3 63. Qf5 Re5 64. Qc2 Kf4 65. Qh2+ Kg4 66. Qg1+ Kf5 67. Qg8 Ke4 68. Kf2 Kd3 69. Kxf3 Re3+ 70. Kg2 Re2+ 71. Kh1 Re1+ 72. Kh2 R7e2+ 73. Kh3 Rh1+ 0-1

[Event "EYTCC Open U18 2018"]
[Site "Bad Blankeburg"]
[Date "2018.07.18"]
[Round "7"]
[White "Amon, Nejc"]
[Black "Stoleriu, George"]
[Result "0-1"]
[ECO "C04"]
[WhiteElo "2295"]
[BlackElo "2347"]
[Annotator "NA"]
[PlyCount "105"]
[EventDate "2018.07.12"]
[EventType "swiss"]
[EventCountry "GER"]
[SourceTitle "playchess.com"]
[Source "ChessBase"]
[SourceQuality "1"]
[WhiteTeam "Slovenia"]
[BlackTeam "Romania"]
[WhiteTeamCountry "SLO"]
[BlackTeamCountry "ROU"]
[TimeControl "40/5400+30:1800+30"]

1. e4 e6 2. d4 d5 3. Nd2 Nc6 4. Ngf3 Nf6 5. e5 Nd7 6. Be2 f6 7. exf6 Qxf6 8. Nf1 Bd6 9. Ne3 O-O 10. O-O Qg6 11. g3 Nf6 12. Nh4 {[%emt 0:00:55] C04: French Tarrasch: 3...Nc6} Qe8 13. f4 Bd7 14. Ng4 Ne7 15. Re1 Ne4 $146 ({Predecessor:} 15... c5 16. c3 cxd4 17. cxd4 Qd8 18. Ne5 Bxe5 19. fxe5 Ne4 {0-1 (28) Huenerkopf,H (2275)-Hug,W (2455) Lugano 1986}) 16. Bd3 Nf5 17. Nf3 c5 18. c3 cxd4 19. cxd4 Bb4 20. Re2 Bb5 21. Nf2 Nfd6 22. Qb3 Bxd3 23. Nxd3 Ba5 24. Bd2 Qh5 25. Bxa5 Qxf3 26. Rae1 Rfe8 27. Bc7 Nc4 28. Nc5 Qxb3 29. Nxb3 Rac8 30. Ba5 b6 31. Bc3 a5 32. Nd2 Ncxd2 33. Bxd2 Rc4 34. Be3 Rec8 35. Kf1 Kf7 36. Rd1 a4 37. Rde1 h5 38. Kg2 b5 39. Kf3 b4 40. Rf1 Kf6 41. Rfe1 a3 42. Rg2 Ra8 43. Rb1 axb2 44. Rbxb2 Ra3 45. Rge2 Rxd4 46. Kg2 Rc4 47. Bf2 Kf5 48. Be1 Ra4 49. Kf3 Kf6 50. Re3 Nc3 $19 51. Rxb4 Raxb4 52. Bxc3+ d4 53. Ke4 {Ke5+} 0-1

[Event "EYTCC Open U18 2018"]
[Site "Bad Blankeburg"]
[Date "2018.07.18"]
[Round "7"]
[White "Vasiesiu, Victor"]
[Black "Stevanic, David"]
[Result "0-1"]
[ECO "C50"]
[WhiteElo "2295"]
[BlackElo "2253"]
[Annotator "NA"]
[PlyCount "94"]
[EventDate "2018.07.12"]
[EventType "swiss"]
[EventCountry "GER"]
[SourceTitle "playchess.com"]
[Source "ChessBase"]
[SourceQuality "1"]
[WhiteTeam "Romania"]
[BlackTeam "Slovenia"]
[WhiteTeamCountry "ROU"]
[BlackTeamCountry "SLO"]
[TimeControl "40/5400+30:1800+30"]

1. e4 e5 2. Nf3 Nc6 3. Bc4 Bc5 4. O-O Nf6 5. d3 O-O 6. Bg5 h6 7. Bh4 Be7 {[%emt 0:00:08] C50: Hungarian Defence and Giuoco Pianissimo} 8. Bg3 d6 9. a4 a5 10. c3 (10. h3 Nd7 11. Re1 Kh8 12. c3 Nb6 13. Bb3 f5 14. exf5 Bxf5 {½-½ (25) Caruana,F (2808)-Aronian,L (2793) Stavanger 2017}) 10... Bg4 $146 ({Predecessor:} 10... Be6 11. Nbd2 Nh5 12. Nxe5 Nxe5 13. Bxe5 Bxc4 14. Nxc4 dxe5 15. Qxh5 Qxd3 16. Nxe5 Qxe4 {1-0 (28) Radovanovic,N (2438)-Stevanic,D (2297) Veliko Gradiste 2018}) 11. h3 Bh5 12. Nbd2 Nd7 13. Qc2 Nb6 14. Bb3 Bf6 15. Rae1 Re8 16. Nh2 Bh4 17. Bxh4 Qxh4 18. Re3 Rad8 19. g3 Qe7 20. Nc4 Nxc4 21. Bxc4 Kh8 22. Qb3 Rb8 23. Qb5 f6 24. Bd5 Bf7 25. Re2 Bxd5 26. exd5 Nd8 27. Qxa5 Nf7 28. Qb4 f5 29. f4 Qd7 30. Nf3 g5 ({Black should play} 30... c5 31. Qb5 Qxb5 32. axb5 exf4 33. Rxe8+ Rxe8) 31. Rfe1 gxf4 32. gxf4 Rg8+ 33. Kh2 Rg7 34. c4 Rbg8 35. fxe5 dxe5 36. Qc3 f4 37. Nxe5 Qf5 38. Nxf7+ Qxf7 39. Qe5 f3 40. Rf2 Qg6 41. Qf4 ({Better is} 41. Kh1 $16) 41... Rf7 42. Qd4+ $2 (42. Qe5+ $11 {and White is okay.} Rgg7 $11 43. Qe8+ Rg8 44. Qe5+ Rgg7 45. Qe8+ Rg8 46. Qe3) 42... Rgg7 43. Qh4 {[%emt 0:00:00] [#]} Rf5 $1 44. Qd8+ $19 Rg8 45. Qh4 Rg5 46. Qd4+ Rg7 47. Qxg7+ Qxg7 0-1

[Event "EYTCC Open U18 2018"]
[Site "Bad Blankeburg"]
[Date "2018.07.18"]
[Round "7"]
[White "Roseneck, Jonas"]
[Black "Demirbas, Emre"]
[Result "1-0"]
[ECO "B40"]
[WhiteElo "2182"]
[BlackElo "1815"]
[Annotator "NA"]
[PlyCount "111"]
[EventDate "2018.07.12"]
[EventType "swiss"]
[EventCountry "GER"]
[SourceTitle "playchess.com"]
[Source "ChessBase"]
[SourceQuality "1"]
[WhiteTeam "Germany"]
[BlackTeam "Turkey"]
[WhiteTeamCountry "GER"]
[BlackTeamCountry "TUR"]
[TimeControl "40/5400+30:1800+30"]

1. e4 c5 2. Nf3 e6 3. d4 cxd4 4. Nxd4 Nf6 5. Nc3 Nc6 6. Nxc6 bxc6 7. e5 Nd5 8. Ne4 Qc7 9. f4 Qb6 10. c4 Ne3 11. Qd3 Bb4+ 12. Bd2 {[%emt 0:00:45] B45: Sizilianisch (Klassisches System)} O-O 13. Rc1 f5 (13... Bxd2+ 14. Qxd2 Nxf1 15. Rxf1 c5 16. Rc3 d5 17. cxd5 exd5 18. Nxc5 d4 19. Qxd4 Qxb2 {½-½ (51) Savchenko,B (2585)-Pridorozhni,A (2565) Sochi 2017}) 14. Nf2 $146 ({Vorgänger:} 14. exf6 Bxd2+ 15. Qxd2 Rb8 16. Rc3 Nxf1 17. Rxf1 Qxb2 18. fxg7 Qxd2+ 19. Kxd2 Kxg7 {1-0 (39) Bachmann,W (2132)-Gruhn,T (2034) GER email 2008}) 14... Ng4 15. Nd1 d6 16. h3 Nh6 17. Bxb4 Qxb4+ 18. Qc3 a5 19. Nf2 dxe5 20. fxe5 Bb7 21. Nd3 Qe7 22. Qd4 f4 23. Be2 Rad8 24. Qf2 Nf5 25. Qxf4 Nd4 26. Qg4 Nxe2 27. Kxe2 c5 28. Rhf1 Rf5 29. Rxf5 exf5 30. Qxf5 Rd4 31. Nf2 g6 32. Qf6 Qxf6 33. exf6 Bxg2 34. Rg1 Be4 35. Rg4 Bf5 36. Rxd4 cxd4 37. h4 Kf7 38. Nd3 Be6 39. b3 Kxf6 40. Nc5 Bc8 41. a3 h6 42. b4 axb4 43. axb4 Ke5 44. b5 Bf5 45. Nb3 g5 46. hxg5 hxg5 47. b6 d3+ 48. Ke3 Kd6 49. c5+ Kd7 50. Nd4 Bh3 51. Kxd3 Bg2 52. Ke3 Bd5 53. Kf2 Bf7 54. Kg3 Bh5 55. Nf3 Bf7 56. Ne5+ 1-0

[Event "EYTCC Open U18 2018"]
[Site "Bad Blankeburg"]
[Date "2018.07.18"]
[Round "7"]
[White "Kesgin, Halit Kaan"]
[Black "Schmidek, Emil"]
[Result "0-1"]
[ECO "C95"]
[WhiteElo "2049"]
[BlackElo "2376"]
[Annotator "NA"]
[PlyCount "134"]
[EventDate "2018.07.12"]
[EventType "swiss"]
[EventCountry "GER"]
[SourceTitle "playchess.com"]
[Source "ChessBase"]
[SourceQuality "1"]
[WhiteTeam "Turkey"]
[BlackTeam "Germany"]
[WhiteTeamCountry "TUR"]
[BlackTeamCountry "GER"]
[TimeControl "40/5400+30:1800+30"]

1. e4 e5 2. Nf3 Nc6 3. Bb5 a6 4. Ba4 Nf6 5. O-O Be7 6. Re1 b5 7. Bb3 d6 8. c3 O-O 9. h3 Nb8 10. d4 Nbd7 11. Nbd2 Bb7 12. Bc2 Re8 13. Nf1 Bf8 14. Ng3 g6 15. Bd2 Bg7 16. Qc1 {[%emt 0:00:36] C95: Closed Ruy Lopez: Breyer Variation with 10 d4} c5 (16... d5 17. Nxe5 Nxe5 18. dxe5 Nxe4 19. Nxe4 dxe4 20. Bxe4 Bxe4 21. Rxe4 Qd5 22. Qc2 Rxe5 23. Rae1 Rae8 24. Rxe5 Rxe5 25. Rxe5 Bxe5 {½-½ (41) Antipov,M (2582)-Jumabayev,R (2603) Bastia 2017}) 17. d5 c4 18. Bh6 Bh8 $146 ({Predecessor:} 18... Nc5 19. Bxg7 Kxg7 20. Qg5 Bc8 21. Nh4 Kh8 22. f4 Nfd7 23. Qxd8 Rxd8 {1-0 (58) Czupor,A (1962)-Toelly,M (1653) Bad Gleichenberg 2013}) 19. Nh4 Nc5 20. Bg5 Bg7 21. Bh6 Kh8 22. Bxg7+ Kxg7 23. Re3 Bc8 24. Nf3 Bd7 25. b4 cxb3 26. axb3 a5 27. Nd2 Qc7 28. Rf3 h6 29. Ndf1 Rec8 30. Rxf6 Kxf6 31. Qxh6 Rh8 32. Nh5+ Ke7 33. Qg5+ Kf8 34. Nf6 Qd8 35. Ng3 Be8 36. f4 exf4 37. Qxf4 Qe7 38. b4 Nd7 39. Nxd7+ Bxd7 40. bxa5 Kg7 41. Ne2 Rhc8 42. Bd3 Qe5 43. Qe3 Ra6 44. Qd4 Qxd4+ 45. Nxd4 Rxc3 46. Bxb5 (46. Bf1 $15) 46... Bxb5 47. Nxb5 Rc5 48. Rb1 {[%emt 0:01:47] [#]} Kf6 $1 49. Nd4 Rcxa5 50. Rf1+ Kg7 51. Nc6 Rc5 52. Nd8 Ra7 53. Rf4 Rc2 54. Kh2 Raa2 55. Rg4 Re2 56. Nb7 Ra6 57. Kg3 Kf8 58. Nd8 Raa2 59. Kh2 Ke8 60. Nc6 Ra4 61. Rh4 Kf8 62. Kg3 Raxe4 63. Rxe4 Rxe4 64. Kf3 Re1 65. g3 Kg7 66. Kf4 Rd1 67. Ke4 $19 f5+ {[%emt 0:00:11] Kd4} 0-1

[Event "EYTCC Open U18 2018"]
[Site "Bad Blankeburg"]
[Date "2018.07.18"]
[Round "7"]
[White "Turan, Asim"]
[Black "Urban, Konstantin"]
[Result "1/2-1/2"]
[ECO "A50"]
[WhiteElo "2041"]
[BlackElo "2325"]
[Annotator "ChessBase"]
[PlyCount "66"]
[EventDate "2018.07.12"]
[EventType "swiss"]
[EventCountry "GER"]
[SourceTitle "playchess.com"]
[Source "ChessBase"]
[SourceQuality "1"]
[WhiteTeam "Turkey"]
[BlackTeam "Germany"]
[WhiteTeamCountry "TUR"]
[BlackTeamCountry "GER"]
[TimeControl "40/5400+30:1800+30"]

1. d4 Nf6 2. c4 g6 3. f3 Bg7 4. e4 d6 5. Ne2 O-O 6. Be3 Nbd7 7. Qd2 c5 8. d5 a6 9. a4 Ne5 10. Nec3 e6 11. Be2 exd5 12. cxd5 Nh5 13. O-O f5 14. exf5 gxf5 15. Bh6 Rf7 16. Bxg7 Rxg7 17. f4 Ng4 18. Bxg4 fxg4 19. g3 Bf5 20. Na3 Qd7 21. Rae1 Re8 22. Rxe8+ Qxe8 23. Nc4 Qd7 24. a5 Re7 25. Re1 Nf6 26. Rxe7 Qxe7 27. Qe3 Kf7 28. Qxe7+ Kxe7 29. Nb6 Ne8 30. Kf2 h5 31. Nc4 Bd3 32. Ne3 Ng7 33. Ke1 Bh7 1/2-1/2